Map: Moonlight Madness LE (Void)

Players

killshock

  • Race: Zerg Zerg
  • League: Grandmaster

wabbajack - Winner!

  • Race: Zerg Zerg
  • League: Gold

VOD

Have the link to the VOD?

Description

Time

  • Played on: July 20, 2015, 2:42 p.m.
  • Length: 7:26
Show
View Real Time Build Order
Export as new Build Order

killshock Zerg 

Build Orders: Hatch First, Roach Nydus 

Get SALT Encoding   

  12  0:03  Drone  
  13  0:14  Overlord  
  13  0:18  Drone  
  14  0:32  Drone  
  15  0:36  Drone  
  16  0:46  Drone  
  17  0:58  Extractor  
  17  0:59  Hatchery  
  17  1:02  Extractor  
  17  1:03  Drone  
  15  1:16  Spawning Pool  
  14  1:22  Drone  
  14  1:23  Drone  
  16  1:30  Drone  
  17  1:40  Drone  
  18  1:51  Drone  
  19  2:03  Queen  
  19  2:07  Overlord  
  21  2:15  Drone, Queen  
  24  2:30  Roach Warren  
  24  2:31  Drone x2  
  24  2:35  Drone  
  26  2:49  Drone x4  
  30  3:11  Drone x4  
  34  3:16  Lair  
  35  3:27  Drone x2  
  35  3:30  Overlord x3  
  36  3:53  Drone x6  
  42  4:00  Roach x4  
  42  4:01  Roach x3  
  56  4:13  Roach x2  
  56  4:16  Overlord x2  
  60  4:17  Overlord  
  60  4:33  Nydus Network, Glial Reconstitution  
  60  4:35  Roach  
  60  4:36  Roach x3  
  67  4:44  Queen  
  69  4:46  Queen  
  71  4:57  Roach  
  71  4:58  Roach x4  
  81  5:12  Roach  
  83  5:15  Overlord x4  
  66  5:44  Roach  
  66  5:45  Roach x5  
  59  5:54  Roach x2  
  47  6:11  Roach  
  47  6:12  Roach  
  47  6:18  Zergling x2  
  47  6:19  Zergling x6  
  41  6:34  Nydus Canal  
  41  6:38  Roach  
Show
View Real Time Build Order
Export as new Build Order

wabbajack Zerg - Winner!

Build Orders: Hatch First 

Get SALT Encoding   

  12  0:01  Drone  
  13  0:13  Overlord  
  13  0:19  Drone  
  14  0:29  Drone, Extractor  
  14  0:33  Drone  
  16  0:36  Drone  
  17  0:55  Hatchery  
  16  1:01  Drone, Extractor  
  16  1:03  Drone  
  17  1:17  Spawning Pool  
  16  1:27  Drone x2  
  16  1:29  Drone  
  19  1:41  Overlord  
  19  1:54  Drone  
  20  2:02  Drone  
  20  2:03  Queen  
  23  2:09  Queen  
  23  2:10  Spine Crawler  
  24  2:20  Drone  
  25  2:26  Drone x3  
  28  2:44  Roach Warren  
  27  2:54  Spine Crawler  
  27  2:57  Overlord x2  
  26  3:02  Drone  
  27  3:09  Drone  
  27  3:12  Overlord x2  
  28  3:25  Roach  
  28  3:26  Roach x3  
  36  3:40  Roach  
  44  3:41  Roach x3  
  44  3:53  Roach x4  
  52  3:57  Roach  
  52  4:00  Roach  
  56  4:26  Drone  
  56  4:29  Overlord  
  57  4:37  Zergling x2  
  57  4:38  Zergling x20  
  68  4:42  Overlord  
  68  4:52  Zergling x12  
  74  4:58  Overlord  
  74  5:11  Metabolic Boost  
  74  5:13  Overlord  
  74  5:22  Zergling x2  
  74  5:23  Zergling x12  
  69  5:45  Zergling x2  
  69  5:46  Zergling x18  
  48  6:20  Zergling x2  
  48  6:21  Zergling x12  
  48  6:25  Ravager x2  
  55  6:32  Zergling x10  
  60  6:33  Zergling x8  
  62  6:52  Zergling x6  
Tags
 
Add a new tag
Caveats
  • Supply blocks, unpowered buildings, or Contaminate may cause inaccurate times.
  • Supply counts are checked every 10 seconds.